 Dungeon Crawl Stone Soup version 0.30-a0-393-g54b8e3be05 (webtiles) character file.

Game seed: 6637395343028244243

56 zishaf the Gusty (level 3, -2/20 HPs)
             Began as a Tengu Air Elementalist on Dec 5, 2022.
             Slain by Crazy Yiuf
             ... wielding a +2 quarterstaff of chaos
              (3 damage)
             ... on level 2 of the Dungeon.
             The game lasted 00:02:38 (1196 turns).

zishaf the Gusty (Tengu Air Elementalist)           Turns: 1196, Time: 00:02:39

Health: -2/20      AC:  2    Str:  8    XL:     3   Next: 97%
Magic:  2/7        EV: 12    Int: 17    God:
Gold:   40         SH:  0    Dex: 14    Spells: 3/6 levels left

rFire   . . .      SeeInvis .    r - +2 dagger (vamp)
rCold   . . .      Faith    .    (no shield)
rNeg    . . .      Spirit   .    a - +0 robe
rPois   .          Reflect  .    (helmet restricted)
rElec   .          Harm     .    (no cloak)
rCorr   .          Rampage  .    (no gloves)
Will    .....                    (boots unavailable)
Stlth   ++........               j - amulet of magic regeneration
HPRegen 0.23/turn                (no ring)
MPRegen 0.50/turn                (no ring)

@: no status effects
A: beak, talons 3
a: no special abilities


You were on level 2 of the Dungeon.
You visited 1 branch of the dungeon, and saw 2 of its levels.

You collected 40 gold pieces.

Inventory:

Hand Weapons
 r - a +2 vampiric dagger (weapon)
Armour
 a - a +0 robe (worn)
Jewellery
 c - an amulet of regeneration
 j - an amulet of magic regeneration (around neck)
Scrolls
 h - 2 scrolls of identify {unknown}
 k - a scroll of enchant armour {unknown}
 l - a scroll of immolation {unknown}
 n - a scroll of amnesia {unknown}
 o - a scroll of blinking {unknown}
 p - a scroll of fog {unknown}
Potions
 b - a potion of magic
 e - 2 potions of flight {unknown}
 f - 2 potions of curing {unknown}
 g - a potion of lignification {unknown}
 i - a potion of brilliance {unknown}
 m - a potion of mutation {unknown}
 q - a potion of degeneration {unknown}


   Skills:
 + Level 1.5 Fighting
 - Level 2.1 Dodging
 - Level 2.0 Stealth
 - Level 2.0 Spellcasting
 + Level 2.6 Conjurations
 * Level 5.2 Air Magic


You had 3 spell levels left.
You knew the following spells:

 Your Spells              Type           Power      Damage    Failure   Level
a - Shock                 Conj/Air       60%        1d6       3%          1
A - Static Discharge      Conj/Air       30%        2-4/arc   6%          2

Your spell library contained the following spells:

 Spells                   Type           Power      Damage    Failure   Level
 Swiftness                Air            19%        N/A       7%          3
 Airstrike                Air            9%         2d(2-18)  22%         4


Dungeon Overview and Level Annotations

Branches:
Dungeon (2/15)

Altars:

Shops:
D:2 =

Annotations:
D:2 Crazy Yiuf


Innate Abilities, Weirdness & Mutations

You have a beak for a mouth.
You have claws for feet.


Message History

Press: ? - help, Shift-Dir - straight line The zap misses Crazy Yiuf.
The zap hits Crazy Yiuf but does no damage.
Crazy Yiuf is lightly wounded.
You see here a +0 hammer.
Crazy Yiuf yells, "Race infinity water!"
You see here a +0 hammer.
Crazy Yiuf flaps his cloak.
You see here a +0 dagger.
Crazy Yiuf laughs, "Line shrimp shrimp!"
You aren't carrying any items that you can evoke.
Crazy Yiuf says, "Citrus poople agre!"
Crazy Yiuf says, "Orb!
Hah tired song."
Casting: Shock (safe; 3% risk of failure)
Confirm with . or Enter, or press ? or * to list all spells.
Aiming: Shock (safe; 3% risk of failure)
Press: ? - help, Shift-Dir - straight line The zap misses Crazy Yiuf.
The zap hits Crazy Yiuf.
Crazy Yiuf is lightly wounded.
Casting: Shock (safe; 3% risk of failure)
Confirm with . or Enter, or press ? or * to list all spells.
Aiming: Shock (safe; 3% risk of failure)
Press: ? - help, Shift-Dir - straight line The zap hits Crazy Yiuf.
Crazy Yiuf is moderately wounded.
The zap hits Crazy Yiuf.
Crazy Yiuf is moderately wounded.
Crazy Yiuf hits you with a +2 quarterstaff of chaos.
You feel your power leaking away.
Casting: Shock (safe; 3% risk of failure)
Confirm with . or Enter, or press ? or * to list all spells.
Aiming: Shock (safe; 3% risk of failure)
Press: ? - help, Shift-Dir - straight line The zap misses Crazy Yiuf.
The zap hits Crazy Yiuf.
Crazy Yiuf is heavily wounded.
Crazy Yiuf hits you with a +2 quarterstaff of chaos!
Ouch! That really hurt!
* * * LOW HITPOINT WARNING * * *
Crazy Yiuf burns you.
You die...

#.....<..<....
....####.####### # ..#
#### ########
..##########.#..#)### #
..........#......#)g##..
.######.#.......####)').
#g###..#.## ###.. #@#
###### # #.# #.# #.# #.#
#.# #.# #..# #.######.#
#..# #........#


You could see Crazy Yiuf.

Vanquished Creatures
  2 gnolls (D:1)
  A dart slug (D:1)
  2 worms (D:2)
  2 bats (D:1)
  4 endoplasms
  A giant cockroach (D:1)
  3 goblins
  A hobgoblin (D:1)
  3 kobolds
  2 quokkas (D:1)
  2 ball pythons
  2 frilled lizards
  3 rats (D:1)
28 creatures vanquished.

Notes
Turn   | Place    | Note
-------+----------+-------------------------------------------
     0 | D:1      | zishaf the Tengu Air Elementalist began the quest for the
                  | Orb.
     0 | D:1      | Reached XP level 1. HP: 10/10 MP: 4/4
    76 | D:1      | Reached XP level 2. HP: 16/16 MP: 0/6
    79 | D:1      | Learned a level 2 spell: Static Discharge
   258 | D:1      | Reached skill level 1 in Fighting
   258 | D:1      | Reached XP level 3. HP: 6/20 MP: 0/7
   490 | D:1      | Reached skill level 5 in Air Magic
  1098 | D:2      | Found Boetro's Jewellery Emporium.
  1171 | D:2      | Found a runed translucent door.
  1173 | D:2      | Noticed Crazy Yiuf
  1196 | D:2      | HP: 1/20 [Crazy Yiuf/+2 quarterstaff of chaos (13)]
  1196 | D:2      | Slain by Crazy Yiuf

Illustrated notes

Levels and vault maps discovered:
D:1:      spicycebolla_arrival_ecumenical, layout_rooms, minmay_crystal_water
D:2:      layout_loops_ring, serial_shops, shop, shop, shop,
          uniq_crazy_yiuf_cottage

Skill      XL: |  1  2  3 |
---------------+----------+-----
Conjurations   | 2 |  2.6
Fighting       | 1 |  1.5
Air Magic      | 5 |  5.2
Dodging        | |  2.1
Stealth        | |  2.0
Spellcasting   | |  2.0

Action                   || total
-------------------------++-------
Melee: Dagger            ||     2
       Kick              ||     1
 Cast: Shock             ||    61
       Static Discharge  ||     4
Armor: Robe              ||     1
Dodge: Dodged            ||     2

Table legend: (Time is in decaauts)
 A = Elapsed time spent in this place.
 B = Non-inter-level travel time spent in this place.
 C = Inter-level travel time spent in this place.
 D = Time resting spent in this place.
 E = Time spent auto-exploring this place.
 F = Levels seen in this place.
 G = Mean time per level.
                   A        B        C        D        E       F      G
               +--------+--------+--------+--------+--------+-----+--------+
         Total |   1196 |   1177 |     19 |      0 |   1005 |   2 |  598.0 |
       Dungeon |   1196 |   1177 |     19 |      0 |   1005 |   2 |  598.0 |
               +--------+--------+--------+--------+--------+-----+--------+

Top non-repeatable levels by time:
     D:1: 783 daAuts
     D:2: 412 daAuts
